 Dungeon Crawl Stone Soup version 0.27-a0-978-g2aa4ecdaef (webtiles) character file.

Game seed: 10903923225394750546

1152 ChaosF the Shield-Bearer (level 8, -13/60 (61) HPs)
             Began as a Formicid Fighter on Apr 12, 2021.
             Mangled by an ogre
             ... wielding a +4 great mace
              (17 damage)
             ... on level 5 of the Dungeon on Apr 14, 2021.
             The game lasted 00:36:59 (3397 turns).

ChaosF the Shield-Bearer (Formicid Fighter)         Turns: 3397, Time: 00:36:59

HP:   -13/60 (61)   AC: 14    Str: 20    XL:     8   Next: 65%
MP:   8/8           EV:  9    Int:  9    God:
Gold: 234           SH: 10    Dex: 12    Spells: 6/7 levels left

rFire    . . .     SeeInvis +   i - +3 mace (drain)
rCold    . . .     Faith    .   c - +0 kite shield
rNeg     . . .     Spirit   .   b - +0 scale mail
rPois    .         Reflect  .   (helmet unavailable)
rElec    .         Harm     .   (no cloak)
rCorr    .         Rampage  .   h - +0 pair of gloves
Will     .....                  g - +0 pair of boots
Stlth    ..........             (no amulet)
HPRegen  0.20/turn              a - +4 ring of protection
MPRegen  0.11/turn              (no ring)

@: lightly drained
A: permanent stasis, dig shafts and tunnels, antennae 3, four strong arms
a: Dig, Shaft Self


You were on level 5 of the Dungeon.
You visited 2 branches of the dungeon, and saw 6 of its levels.

You collected 234 gold pieces.

Inventory:

Hand Weapons
 i - a +3 mace of draining (weapon)
 k - a +0 dagger
 s - a +0 flail of draining
 u - a +1 dagger of flaming
Missiles
 f - a curare-tipped dart
 o - 3 boomerangs (quivered)
 r - 12 poisoned darts
Armour
 b - a +0 scale mail (worn)
 c - a +0 kite shield (worn)
 g - a +0 pair of boots (worn)
 h - a +0 pair of gloves (worn)
Jewellery
 a - a +4 ring of protection (left hand)
Wands
 j - a wand of iceblast (6)
Scrolls
 l - a scroll of teleportation
 n - a scroll of identify
 q - a scroll of silence
 t - a scroll of amnesia
Potions
 d - a potion of degeneration
 e - a potion of brilliance
 p - a potion of cancellation
 v - 2 potions of ambrosia


   Skills:
 + Level 4.5 Fighting
 + Level 5.9 Maces & Flails
 + Level 1.3 Throwing
 + Level 6.0 Armour
 + Level 2.0 Dodging
 + Level 0.7 Stealth
 + Level 6.6 Shields


You had 6 spell levels left.
You knew the following spells:

 Your Spells              Type           Power      Damage    Failure   Level
a - Sting                 Tmut/Pois      0%         1d3       87%         1

Your spell library contained the following spells:

 Spells                   Type           Power      Damage    Failure   Level
 Magic Dart               Conj           0%         1d3       87%         1
 Poisonous Vapours        Pois/Air       0%         N/A       95%         2
 Searing Ray              Conj           0%         3d3       95%         2
 Dazzling Flash           Conj/Hex       0%         N/A       99%         3
 Ignite Poison            Fire/Tmut/Pois 0%         N/A       99%         3
 Mephitic Cloud           Conj/Pois/Air  0%         N/A       99%         3
 Fulminant Prism          Conj/Hex       0%         3d6       100%        4
 Iskenderun's Mystic Bla  Conj/Tloc      0%         2d3       100%        4
 Olgreb's Toxic Radiance  Pois           0%         N/A       100%        4


Dungeon Overview and Level Annotations

Branches:
Dungeon (5/15)             Temple (1/1) D:4

Altars:
Ashenzari
Cheibriados
Dithmenos
Elyvilon
Hepliaklqana
Kikubaaqudgha
Makhleb
Okawaru
Ru
Uskayaw
Vehumet
Yredelemnul
Zin

Shops:
D:4 [

Annotations:
D:5 Darold's ghost, novice MfTm


Innate Abilities, Weirdness & Mutations

You cannot be hasted, slowed, berserked, paralysed or teleported.
You can dig through walls and to a lower floor.
You have a pair of large antennae on your head. (SInv)
Your four strong arms can wield two-handed weapons with a shield.


Message History

You closely miss the orc. You block the orc's attack.
You hit the orc.
The orc is severely wounded.
You block the orc's attack. The orc hits you but does no damage.
You sock the orc!
You kill the orc!
Things that are here:
a +0 trident; a +0 ring mail
Found a ring mail.
You now have 216 gold pieces (gained 14).
Things that are here:
a hound corpse; a hound corpse
There is a transporter here.
You enter the transporter and appear at another place.
There is a transporter here.
You see here 18 gold pieces.
You now have 234 gold pieces (gained 18).
You hit the ogre.
The ogre is moderately wounded.
The ogre barely misses you.
You barely miss the ogre.
The ogre is lightly wounded.
You block Darold's ghost's attack. The ogre hits you but does no damage.
Darold's ghost hits you!
You completely miss Darold's ghost. You block Darold's ghost's attack.
As you read the scroll labelled YXOEHY MOEBRETT, it crumbles to dust.
Your stasis prevents you from teleporting.
It was a scroll of blinking.
The ogre hits you with a +0 giant spiked club!!
Darold's ghost hits you but does no damage.
You sock the ogre!
The ogre is heavily wounded.
The ogre barely misses you.
Darold's ghost hits you but does no damage.
The ogre hits you with a +0 giant spiked club!!
* * * LOW HITPOINT WARNING * * *
You enter the transporter and appear at another place.
Darold's ghost hits you but does no damage.
The ogre hits you with a +4 great mace!
You die...

#####.############# #..
#..... #.#§....©.....#
#..##..#.# #.#..##...##..#
#...#..... #†#.#..#.#..#.#
#......#.# #.#.#..#.#..#.#
###.#..... #.#..##...##.)#
#.#.#### #.#....[$.....##
#...#
#.##################..####
##.....©.@...........>...#
######.OOW..............#
##...##............#
######............#
#............#
#............#
#............#
#..........).#
#............#


You could see 2 ogres and Darold's ghost.

Vanquished Creatures
  Prince Ribbit (D:5)
  A sky beast (D:5)
  A phantom (D:4)
  A kobold brigand (D:4)
  A scorpion (D:5)
  A water moccasin zombie (D:5)
  2 water moccasin skeletons
  2 hounds (D:5)
  A jelly (D:4)
  A bullfrog skeleton (D:5)
  A gnoll shaman (D:4)
  Jessica (D:3)
  An orc wizard (D:4)
  6 gnolls
  6 adders
  A white imp (D:5)
  A worm (D:4)
  4 dart slugs
  20 orcs
  10 ball pythons
  5 endoplasms
  5 giant cockroaches
  5 hobgoblins
  4 jackals (D:1)
  25 kobolds
  3 quokkas
  3 bats
  4 frilled lizards
  7 goblins
  9 rats
133 creatures vanquished.

Vanquished Creatures (others)
  Sigmund (D:5)
  An orc (D:5)
  28 plants (D:4)
30 creatures vanquished.

Grand Total: 163 creatures vanquished

Notes
Turn   | Place    | Note
-------+----------+-------------------------------------------
     0 | D:1      | ChaosF the Formicid Fighter began the quest for the Orb.
     0 | D:1      | Reached XP level 1. HP: 18/18 MP: 1/1
    22 | D:1      | Reached XP level 2. HP: 20/24 MP: 2/2
   185 | D:1      | Reached XP level 3. HP: 29/29 MP: 3/3
   413 | D:2      | Reached XP level 4. HP: 27/36 MP: 4/4
   427 | D:2      | Upgraded the game from 0.27-a0-965-gbf8bb431c4 to
                  | 0.27-a0-978-g2aa4ecdaef
   624 | D:2      | Reached XP level 5. HP: 42/42 MP: 5/5
  1000 | D:3      | Noticed Jessica
  1005 | D:3      | Killed Jessica
  1006 | D:3      | Reached skill level 1 in Dodging
  1206 | D:4      | Reached XP level 6. HP: 34/48 MP: 6/6
  1258 | D:4      | Found Qaitacs's Antique Armour Emporium.
  1644 | D:4      | Reached skill level 5 in Shields
  1654 | D:4      | Reached XP level 7. HP: 49/54 MP: 7/7
  1663 | D:4      | Learned a level 1 spell: Sting
  2244 | D:4      | Found a staircase to the Ecumenical Temple.
  2251 | D:4      | Reached skill level 5 in Maces & Flails
  2277 | D:4      | Reached skill level 5 in Armour
  2323 | Temple   | Entered the Ecumenical Temple
  2615 | D:5      | Entered Level 5 of the Dungeon
  2675 | D:5      | Reached XP level 8. HP: 57/60 MP: 8/8
  2737 | D:5      | Noticed Sigmund
  2763 | D:5      | Killed Sigmund
  3203 | D:5      | Noticed Prince Ribbit
  3224 | D:5      | Reached skill level 1 in Throwing
  3238 | D:5      | Killed Prince Ribbit
  3274 | D:5      | Noticed Darold's ghost (novice MfTm)
  3275 | D:5      | Found a transporter.
  3279 | D:5      | Found a transporter.
  3396 | D:5      | HP: 3/60 [ogre/+0 giant spiked club (21)]
  3397 | D:5      | Mangled by an ogre

Illustrated notes

Levels and vault maps discovered:
D:1:      psy_arrival_whirlpool, layout_basic, chequers_jeans
D:2:      layout_rooms, minmay_tall_x
D:3:      layout_basic, grunt_temple_overflow_open, minmay_box_of_dots,
          uniq_jessica
D:4:      kennysheep_kobold_camp, layout_layer_cave, minmay_temple_entry_arrows,
          serial_shops, shop_statue
D:5:      layout_basic, serial_glass, glass_columns_a, glass_columns_c,
          gammafunk_ghost_smash, serial_bayou_pond_d, uniq_sigmund,
          uniq_prince_ribbit1
Temple:   nicolae_temple_figure_eight

Skill      XL: |  1  2  3  4  5  6  7  8 |
---------------+-------------------------+-----
Shields        | 4 5 6 |  6.6
Armour         | 4 5 6 |  6.0
Maces & Flails | 3 4 5 |  5.9
Dodging        | 1 2 |  2.0
Fighting       | 4 |  4.5
Throwing       | 1 |  1.3
Stealth        | |  0.7

Action                   |  1- 3 |  4- 6 |  7- 9 || total
-------------------------+-------+-------+-------++-------
Melee: Flail             |    58 |   125 |       ||   183
       Mace              |       |    95 |   140 ||   235
Throw: Boomerang         |       |    11 |     9 ||    20
  Use: Potion            |       |     5 |     2 ||     7
       Scroll            |       |     1 |     8 ||     9
Armor: Scale mail        |    25 |    81 |    41 ||   147
Dodge: Dodged            |    22 |    63 |    39 ||   124
Block: Kite shield       |    27 |   109 |    64 ||   200

Table legend: (Time is in decaauts)
 A = Elapsed time spent in this place.
 B = Non-inter-level travel time spent in this place.
 C = Inter-level travel time spent in this place.
 D = Time resting spent in this place.
 E = Time spent auto-exploring this place.
 F = Levels seen in this place.
 G = Mean time per level.
                   A        B        C        D        E       F      G
               +--------+--------+--------+--------+--------+-----+--------+
         Total |   3551 |   3549 |      2 |    514 |      0 |   6 |  591.8 |
       Dungeon |   3312 |   3310 |      2 |    514 |      0 |   5 |  662.4 |
        Temple |    238 |    238 |      0 |      0 |      0 |   1 |  238.0 |
               +--------+--------+--------+--------+--------+-----+--------+

Top non-repeatable levels by time:
     D:4: 1264 daAuts
     D:5: 803 daAuts
     D:2: 606 daAuts
     D:1: 426 daAuts
  Temple: 238 daAuts
     D:3: 211 daAuts
